Map: Newkirk Precinct TE (Void)

Players

Railgan

  • Race: Zerg Zerg
  • League: Grandmaster
  • Spawn Location: 5:00

DarK - Winner!

  • Race: Zerg Zerg
  • League: Grandmaster
  • Spawn Location: 7:00

VOD

Have the link to the VOD?

Description

Time

  • Played on: March 19, 2017, 4:58 p.m.
  • Length: 4:19
Show
View Real Time Build Order
Export as new Build Order

Railgan Zerg 

Build Orders: Pool First 

Get SALT Encoding   

  12  0:01  Drone  
  13  0:13  Overlord  
  13  0:18  Drone  
  14  0:31  Drone x2  
  14  0:35  Drone  
  17  0:49  Drone, Spawning Pool  
  17  0:57  Drone  
  18  1:14  Hatchery  
  17  1:18  Extractor, Drone  
  17  1:21  Drone  
  18  1:33  Drone  
  18  1:37  Queen  
  21  1:40  Zergling x2  
  22  1:51  Overlord  
  22  2:11  Drone x2  
  23  2:15  Queen  
  25  2:23  Spine Crawler  
  25  2:27  Baneling Nest, Zergling x2  
  24  2:34  Zergling x4  
  24  2:36  Queen  
  28  2:40  Zergling x2  
  30  2:49  Zergling x2  
  31  2:52  Zergling x4  
  31  2:56  Queen  
  31  3:13  Baneling  
  31  3:18  Zergling x2, Queen  
  32  3:20  Zergling x6  
  32  3:24  Zergling x2  
  31  3:31  Zergling x4  
  31  3:36  Baneling x2  
  31  3:38  Baneling  
  31  3:39  Baneling x2  
  30  3:51  Baneling  
Show
View Real Time Build Order
Export as new Build Order

DarK Zerg - Winner!

Build Orders: Pool Only, Zergling Baneling 

Get SALT Encoding   

  12  0:28  Drone x2  
  12  0:34  Extractor  
  13  0:36  Drone, Spawning Pool  
  13  0:57  Overlord  
  13  0:58  Drone  
  14  1:23  Zergling x6  
  14  1:24  Queen  
  19  1:36  Metabolic Boost  
  19  1:38  Zergling x2  
  20  1:45  Zergling x2  
  21  1:57  Baneling Nest  
  21  1:58  Overlord  
  20  2:08  Zergling x2  
  21  2:18  Zergling x2  
  22  2:32  Zergling x2  
  23  2:40  Zergling x6  
  25  2:44  Baneling x2  
  25  2:52  Zergling x2  
  23  3:20  Zergling x4  
  23  3:23  Zergling x2  
  25  3:30  Baneling x2  
  25  3:31  Baneling x2, Zergling x2  
  25  3:32  Zergling x2  
  26  3:46  Baneling  
  26  3:48  Baneling  
  21  4:03  Baneling  
  21  4:04  Baneling x3  
Tags
 
Add a new tag
Caveats
  • Supply blocks, unpowered buildings, or Contaminate may cause inaccurate times.
  • Supply counts are checked every 10 seconds.